AoeStats
← CL83

Golden Pit

503487092Analyzed
1v1 RM · 1mo ago on Aug 31, 2026· 45m 48s· 2 players
Game mode
Random Map
Map size
Tiny (2 player)
Population
200
Speed
Normal
Resources
Standard
Victory
Conquest
Starting age
Dark Age
Ending age
Imperial Age
RankedLock teamsTeams togetherTeam positionsShared explorationLock speedFull tech treeHidden civsTurbo modeCheats
Victory
Defeat
🇨🇦 Poles · Canada
1093
+16
🇺🇸 Bohemians · United States
1088
-16
PLURbro
0:29 Loom
10:48 Feudal Age
12:15 Double-Bit Axe
14:34 Horse Collar
23:01 Castle Age
31:20 Fletching
35:45 Imperial Age
35:24 Bodkin Arrow
38:48 Husbandry
39:59 Wheelbarrow
42:52 Forging
42:47 Scale Barding Armor
43:32 Hand Cart
43:03 Town Watch
44:40 Murder Holes
CL83
5:33 Loom
11:01 Feudal Age
12:02 Double-Bit Axe
14:25 Scale Barding Armor
21:03 Castle Age
20:32 Forging
21:48 Bloodlines
21:49 Light Cavalry
27:33 Husbandry
30:19 Iron Casting
31:16 Horse Collar
31:48 Fletching
32:13 Szlachta Privileges
33:57 Wheelbarrow
33:37 Bow Saw
38:01 Imperial Age
37:38 Bodkin Arrow
38:14 Chain Barding Armor
39:37 Conscription
40:30 Hand Cart
39:56 Cavalier
43:22 Heavy Plow
44:40 Gold Mining
44:41 Stone Mining
46:10 Siege Engineers
46:27 Ballistics
45:49 Treadmill Crane
Connection lost

Rejoining the realm…

Still unreachable

The connection could not be restored.

Session expired

The server has moved on; the page needs a fresh start.